 Dungeon Crawl Stone Soup version 0.28.0 (webtiles) character file.

Game seed: 1263165700518655103

716 Eitelfritz the Gusty (level 7, -1/34 (36) HPs)
             Began as a Tengu Air Elementalist on Feb 16, 2022.
             Succumbed to a gnoll's poison
             ... on level 3 of the Dungeon.
             The game lasted 00:15:28 (4673 turns).

Eitelfritz the Gusty (Tengu Air Elementalist)       Turns: 4673, Time: 00:15:28

HP:   -1/34 (36)    AC:  3    Str:  7 (9)  XL:     7   Next: 69%
MP:   8/14          EV: 14    Int: 15 (17) God:
Gold: 9             SH:  0    Dex: 12 (14) Spells: 3/15 levels left

rFire   + . .      SeeInvis .   a - staff of air
rCold   . . .      Faith    .   (no shield)
rNeg    . . .      Spirit   .   d - +0 robe
rPois   .          Reflect  .   (helmet restricted)
rElec   +          Harm     .   (no cloak)
rCorr   .          Rampage  .   c - +0 pair of gloves
Will    .....                   (boots unavailable)
Stlth   ++........              (no amulet)
HPRegen 0.11/turn               h - ring of protection from fire
MPRegen 0.14/turn               (no ring)

@: lethally poisoned (-1 -> -17), flying quickly and evasively, drained, quick
A: beak, talons 3, nimble flight
a: no special abilities


You were on level 3 of the Dungeon.
You visited 1 branch of the dungeon, and saw 4 of its levels.

You collected 165 gold pieces.
You spent 156 gold pieces at shops.

Inventory:

Hand Weapons
 l - the +10 dagger of Ucocw {elec, rElec rN++ rCorr Stlth-}
   (You found it on level 3 of the Dungeon)

   It occasionally discharges a powerful burst of electricity upon striking a
   foe.
   rElec:     It insulates you from electricity.
   rN:        It greatly protects you from negative energy.
   rCorr:     It protects you from acid and corrosion.
   Stlth:     It makes you less stealthy.
Armour
 c - a +0 pair of gloves (worn)
 d - a +0 robe (worn)
Magical Staves
 a - a staff of air (weapon)
 g - a staff of cold
 o - a staff of conjuration
Jewellery
 e - a ring of fire
 h - a ring of protection from fire (left hand)
 n - an amulet of reflection
Wands
 p - a wand of charming (2)
 r - a wand of polymorph (5)
Scrolls
 b - 5 scrolls of identify {unknown}
 f - 2 scrolls of fog {unknown}
 m - a scroll of enchant weapon {unknown}
 t - a scroll of fear {unknown}
 v - a scroll of vulnerability {unknown}
Potions
 i - a potion of flight
 j - 4 potions of degeneration
 k - a potion of mutation {unknown}
 q - 2 potions of magic {unknown}
 s - a potion of invisibility {unknown}
 u - a potion of attraction {unknown}


   Skills:
 + Level 0.3 Staves
 + Level 2.6 Dodging
 + Level 3.5 Stealth
 + Level 4.6 Spellcasting
 + Level 5.0 Conjurations
 + Level 7.3 Air Magic


You had 3 spell levels left.
You knew the following spells:

 Your Spells              Type           Power      Damage    Failure   Level
a - Shock                 Conj/Air       100%       1d9       1%          1
b - Static Discharge      Conj/Air       32%        N/A       1%          2
c - Swiftness             Air            38%        N/A       2%          3
d - Airstrike             Air            19%        N/A       9%          4
e - Poisonous Vapours     Pois/Air       42%        N/A       6%          2

Your spell library contained the following spells:

 Spells                   Type           Power      Damage    Failure   Level
 Corpse Rot               Necr/Air       42%        N/A       6%          2
 Sublimation of Blood     Necr           3%         N/A       26%         2
 Petrify                  Tmut/Erth      3%         N/A       86%         4
 Irradiate                Conj/Tmut      5%         3d15      86%         5


Dungeon Overview and Level Annotations

Branches:
Dungeon (4/15)
 Temple: D:4-7

Altars:
Wu Jian

Shops:
D:1 :(:

Annotations:
D:3 1 transporter


Innate Abilities, Weirdness & Mutations

You have a beak for a mouth.
You have claws for feet.
Your magical nature lets you fly swiftly and evasively.


Message History

The gnoll is struck by an arc of lightning!
The gnoll is heavily wounded.
You resist.
You are struck by an arc of lightning.
The gnoll is struck by an arc of lightning!
You kill the gnoll!
The gnoll is struck by an arc of lightning.
The gnoll is moderately wounded.
The gnoll hits you from afar with a +2 spear of venom.
You are poisoned.
Your Conjurations skill increases to level 5!
Unknown command.
Casting: Static Discharge (safe; 1% risk of failure)
Confirm with . or Enter, or press ? or * to list all spells.
You feel a surge of power!
The gnoll is struck by an arc of lightning.
The gnoll is moderately wounded.
You resist.
You are struck by an arc of lightning.
The gnoll is struck by an arc of lightning.
The gnoll is severely wounded.
The lightning grounds out.
You feel very sick.
The gnoll hits you from afar with a +2 spear of venom!
You are lethally poisoned!
The gnoll completely misses you.
The gnoll throws a throwing net.
The throwing net misses you.
Unknown command.
It was a potion of degeneration.
There was something very wrong with that liquid.
You feel weakened.
You feel dopey.
You feel clumsy.
* * * LOW HITPOINT WARNING * * *
You feel very sick. The gnoll closely misses you.
The gnoll hits you with a +0 whip of draining.
* * * LOW HITPOINT WARNING * * *
You feel drained.
* * * LOW HITPOINT WARNING * * *
The gnoll drinks a potion.
The gnoll seems to speed up.
It was a potion of flight.
You feel more buoyant.
You die...

#####.≈≈≈≈≈≈≈≈≈≈≈...≈≈≈≈≈≈≈≈≈≈≈..
##....≈≈≈≈≈≈≈≈≈≈≈...≈≈≈≈≈≈≈≈≈≈≈..
##.##.≈≈#####.....[.....#####≈≈..
##.##.≈≈#...#.###.©.###.#...#≈≈..
#....≈≈#...###.#####.###...#≈≈..
#.##.≈≈###.!.............###≈≈..
#.##.≈≈.8#.##'###g######.#8.≈≈..
##....≈≈.##.#..g#(.8#$..#.##.≈≈..
...##.≈≈.#..'g..@.©(#:.$'..#.≈≈..
......≈≈.##.#...#..8#".$#.##.≈≈..
##.#..≈≈.8#.##'###'######.#8.≈≈..
##.##.≈≈###..... .........###≈≈..
##.##.≈≈#...###.#####©###...#≈≈..
...##.≈≈#...#.###.©.###.#...#≈≈..
####..≈≈#####...........#####≈≈..
#..≈≈≈≈≈≈≈≈≈≈≈≈≈≈≈≈≈≈≈≈≈≈≈≈≈..
####..≈≈≈≈≈≈≈≈≈≈≈≈≈≈≈≈≈≈≈≈≈≈≈≈≈..


You could see 3 gnolls.

Vanquished Creatures
  Grinder (D:4)
  Edmund (D:4)
  The ghost of Akaron the Sneak, an amateur OpBr (D:3)
  3 hounds (D:4)
  A jelly (D:4)
  Ijyb (D:4)
  7 adders
  4 gnolls
  A dart slug (D:2)
  8 orcs
  8 bats
  6 endoplasms
  A giant cockroach (D:2)
  7 goblins
  5 hobgoblins
  4 ball pythons
  5 frilled lizards
  16 kobolds
  A quokka skeleton (D:4)
  4 rats
85 creatures vanquished.

Vanquished Creatures (others)
  16 plants
16 creatures vanquished.

Grand Total: 101 creatures vanquished

Notes
Turn   | Place    | Note
-------+----------+-------------------------------------------
     0 | D:1      | Eitelfritz the Tengu Air Elementalist began the quest for
                  | the Orb.
     0 | D:1      | Reached XP level 1. HP: 10/10 MP: 4/4
    95 | D:1      | Found Ozez Niu's Antique Weapon Shoppe.
   311 | D:1      | Reached XP level 2. HP: 15/15 MP: 4/6
   366 | D:1      | Found Cigeqit's Book Boutique.
   637 | D:1      | Found Anompil's Book Shop.
  1179 | D:2      | Reached skill level 5 in Air Magic
  1179 | D:2      | Reached XP level 3. HP: 19/19 MP: 3/7
  1461 | D:2      | Reached XP level 4. HP: 24/24 MP: 1/8
  1829 | D:2      | Found a faded altar of an unknown god.
  2062 | D:2      | Found an ornate altar of the Wu Jian Council.
  2221 | D:2      | Learned a level 2 spell: Static Discharge
  2225 | D:2      | Learned a level 3 spell: Swiftness
  2288 | D:3      | Identified the +10 dagger of Ucocw {elec, rElec rN++ rCorr
                  | Stlth-}
  2364 | D:3      | Identified the +10 spear "Virastuh" {elec, rElec rPois rC-
                  | rN+++}
  2438 | D:3      | Found a transporter.
  2448 | D:3      | Noticed Akaron's ghost (amateur OpBr)
  2490 | D:3      | Found a transporter.
  3092 | D:4      | Noticed a steam dragon
  3329 | D:4      | Gained mutation: Your magical nature lets you fly swiftly
                  | and evasively. [Tengu growth]
  3329 | D:4      | Reached XP level 5. HP: 25/28 MP: 4/10
  3375 | D:4      | Noticed Edmund
  3457 | D:4      | Noticed Ijyb
  3460 | D:4      | Killed Ijyb
  3584 | D:4      | Reached skill level 6 in Air Magic
  3725 | D:4      | Noticed Grinder
  3736 | D:4      | Killed Grinder
  3737 | D:4      | Reached XP level 6. HP: 13/32 MP: 2/13
  4038 | D:4      | Reached XP level 7. HP: 36/36 MP: 11/14
  4121 | D:4      | Learned a level 4 spell: Airstrike
  4320 | D:4      | Killed Edmund
  4321 | D:4      | Reached skill level 7 in Air Magic
  4552 | D:1      | Bought a book of Vapours for 156 gold pieces
  4555 | D:1      | Learned a level 2 spell: Poisonous Vapours
  4670 | D:3      | Killed Akaron's ghost
  4671 | D:3      | Reached skill level 5 in Conjurations
  4673 | D:3      | Succumbed to a gnoll's poison

Illustrated notes

Levels and vault maps discovered:
D:1:      saegor_arrival_under_anarchy, layout_basic, serial_shops,
          nicolae_shop_behind_doors, nicolae_diamond_shop,
          nicolae_shop_advertising_works [nicolae_subvault_shop_adworks],
          hex_intersection, lexackson_kobold_supper
D:2:      layout_basic, basic_altar, chequers_ecumenical_altar_grove,
          minivault_19, feat_on_display
D:3:      layout_loops_cross, gammafunk_ghost_gnarly_gnolls
D:4:      layout_loops_cross, grunt_decor_arrowhead, uniq_grinder, uniq_ijyb,
          uniq_edmund

Skill      XL: |  1  2  3  4  5  6  7 |
---------------+----------------------+-----
Air Magic      | 5 6 7 |  7.3
Conjurations   | 2 4 5 |  5.0
Spellcasting   | 4 |  4.6
Stealth        | 3 |  3.5
Staves         | |  0.3
Dodging        | |  2.6

Action                   |  1- 3 |  4- 6 |  7- 9 || total
-------------------------+-------+-------+-------++-------
Melee: Staff             |     1 |     7 |     9 ||    17
       Kick              |       |     3 |     2 ||     5
       Peck              |       |     3 |     2 ||     5
 Cast: Shock             |    52 |    75 |    31 ||   158
       Static Discharge  |       |     3 |     2 ||     5
  Use: Potion            |       |       |     2 ||     2
 Stab: Sleeping          |       |     3 |       ||     3
Armor: Robe              |     1 |     2 |     3 ||     6
Dodge: Dodged            |     5 |    12 |    16 ||    33
